 Dungeon Crawl Stone Soup version 0.25.1-2-g60ff931df9 (webtiles) character file.

Game seed: 4517890650644088951

844 Elvor the Skirmisher (level 7, -3/63 HPs)
             Began as a Minotaur Fighter on Aug 23, 2020.
             Slain by an orc warrior
             ... wielding a +0 halberd
              (14 damage)
             ... on level 4 of the Dungeon.
             The game lasted 00:21:02 (3006 turns).

Elvor the Skirmisher (Minotaur Fighter)             Turns: 3006, Time: 00:21:02

Health: -3/63      AC: 11    Str: 28    XL:     7   Next: 68%
Magic:  6/6        EV:  7    Int:  5    God:
Gold:   145        SH: 11    Dex: 10    Spells: 6/6 levels left

rFire    . . .     SeeInvis .   d - +0 flail (venom)
rCold    . . .     Gourm    .   c - +0 kite shield
rNeg     . . .     Faith    .   g - +0 chain mail
rPois    .         Spirit   .   (helmet restricted)
rElec    .         Reflect  .   y - +0 cloak
rCorr    .         Harm     .   (no gloves)
MR       .....                  (no boots)
Stlth    ..........             i - amulet of regeneration
HPRegen  0.60/turn              r - +6 ring of strength
MPRegen  0.10/turn              (no ring)

@: lethally poisoned (-3 -> -3)
A: retaliatory headbutt, horns 2
a: no special abilities


You were on level 4 of the Dungeon.
You were not hungry.

You visited 1 branch of the dungeon, and saw 4 of its levels.

You collected 145 gold pieces.

Inventory:

Hand Weapons
 d - a +0 flail of venom (weapon)
 u - a +4 dagger of draining
Missiles
 q - 9 boomerangs (quivered)
Armour
 c - a +0 kite shield (worn)
 g - a +0 chain mail (worn)
 p - a scarf of harm
 y - a +0 cloak (worn)
Jewellery
 a - an uncursed ring of magical power {unknown}
 i - an amulet of regeneration (around neck)
 r - a +6 ring of strength (left hand)
 x - an uncursed ring of poison resistance {unknown}
Scrolls
 b - 2 scrolls of remove curse
 e - 2 scrolls of enchant armour
 j - 2 scrolls of teleportation
 n - 2 scrolls of enchant weapon
 o - 5 scrolls of fog
 t - 2 scrolls of immolation {unknown}
 v - a scroll of fear {unknown}
Potions
 h - a potion of brilliance {unknown}
 k - a potion of stabbing {unknown}
 l - a potion of berserk rage {unknown}
 m - a potion of cancellation {unknown}
 s - 2 potions of degeneration {unknown}
Comestibles
 f - 9 rations


   Skills:
 * Level 6.2 Fighting
 + Level 6.2 Maces & Flails
 + Level 5.6 Armour
 + Level 1.3 Dodging
 + Level 0.9 Stealth
 + Level 6.0 Shields


You had 6 spell levels left.
You didn't know any spells.
Your spell library was empty.

Dungeon Overview and Level Annotations

Branches:
Dungeon (4/15)
 Temple: D:4-7

Altars:
Elyvilon


Innate Abilities, Weirdness & Mutations

You reflexively headbutt those who attack you in melee.
You have a pair of horns on your head.


Message History

The orc warrior hits you from afar with a +0 halberd!
* * * LOW HITPOINT WARNING * * *
Something hits you but does no damage.
The orc wizard gestures at you while chanting.
The magic dart hits something.
You block the hound's attack.
You miss something. Your headbutt misses something.
You feel sick. You block the hound's attack.
You block the orc warrior's attack. Something hits you but does no damage.
A ball python comes into view.
The hound bites you but does no damage.
You closely miss something.
An adder comes into view.
The orc wizard casts a spell at you.
The magic dart hits something.
The hound bites you but does no damage. Something hits you but does no damage.
You block the orc warrior's attack.
You miss something. You headbutt something.
You feel sick. The hound barely misses you. You furiously retaliate!
You headbutt the hound. Something completely misses you.
The orc warrior hits you from afar with a +0 halberd!
You die...

..........P≈.≈.≈≈..#
.[.........P.≈≈≈≈...#
...##..S##...≈.≈≈≈≈..#
..##.........P≈≈≈≈≈P.#
........#....≈≈≈≈≈..##
...$...SS..a.≈≈≈≈.≈##
......oooZ.#..≈P≈≈≈P#
....#h{#####.P≈≈≈P## .
##@# #..♣.♣..# ###
#########


You could see an orc warrior, a hound, an orc wizard (fast), 2 adders, an orc
and a ball python.

Vanquished Creatures
  Eustachio (D:4)
  A hungry ghost (D:3)
  2 howler monkeys (D:4)
  2 hounds (D:4)
  Terence (D:3)
  Natasha (thrice) (D:3)
  3 orc wizards
  3 worker ants (D:4)
  Robin (D:3)
  A gnoll (D:1)
  5 adders
  4 worms
  5 dart slugs
  2 leopard geckos (D:2)
  9 orcs
  A ball python (D:2)
  6 bats
  8 giant cockroaches
  12 hobgoblins
  A quokka (D:2)
  8 frilled lizards
  13 goblins
  8 kobolds
  7 rats
107 creatures vanquished.

Vanquished Creatures (others)
  A rat (D:3)
1 creature vanquished.

Grand Total: 108 creatures vanquished

Notes
Turn   | Place    | Note
-------+----------+-------------------------------------------
     0 | D:1      | Elvor the Minotaur Fighter began the quest for the Orb.
     0 | D:1      | Reached XP level 1. HP: 19/19 MP: 0/0
    18 | D:1      | Reached XP level 2. HP: 18/27 MP: 1/1
   746 | D:1      | Reached XP level 3. HP: 33/33 MP: 2/2
  1262 | D:2      | Reached XP level 4. HP: 41/41 MP: 3/3
  2148 | D:3      | Noticed Terence
  2149 | D:3      | Noticed Natasha
  2163 | D:3      | Killed Terence
  2173 | D:3      | Killed Natasha
  2173 | D:3      | Reached XP level 5. HP: 44/47 MP: 4/4
  2275 | D:3      | Noticed Robin
  2301 | D:3      | Noticed Natasha
  2315 | D:3      | Killed Natasha
  2317 | D:3      | Killed Robin
  2668 | D:3      | Found a white marble altar of Elyvilon.
  2673 | D:3      | Noticed Natasha
  2679 | D:3      | Killed Natasha
  2809 | D:4      | Reached skill level 5 in Fighting
  2819 | D:3      | Reached XP level 6. HP: 55/56 MP: 5/5
  2835 | D:4      | Reached skill level 5 in Armour
  2856 | D:4      | Noticed Eustachio
  2856 | D:4      | Noticed a hungry ghost
  2896 | D:3      | Killed a hungry ghost
  2896 | D:3      | Reached skill level 5 in Maces & Flails
  2896 | D:3      | Reached skill level 1 in Dodging
  2896 | D:3      | Reached skill level 5 in Shields
  2907 | D:4      | Killed Eustachio
  2907 | D:4      | Reached XP level 7. HP: 58/62 MP: 6/6
  3006 | D:4      | Slain by an orc warrior

Illustrated notes

Levels and vault maps discovered:
D:1:      nzn_arrival_crosshair, layout_loops_corners
D:2:      minmay_door_path, layout_loops_corners, kennysheep_generic_room_10
D:3:      layout_loops_ring, elyvilon_altar_4, first_ration, st_stairs_10,
          uniq_robin, uniq_terence, uniq_natasha
D:4:      layout_cave_pools, cheibrodos_sewer_entry_sluice, serial_bayou_pond_b,
          grunt_ministairs_12, uniq_eustachio

Skill      XL: |  1  2  3  4  5  6  7 |
---------------+----------------------+-----
Fighting       | 4 5 6 |  6.2
Armour         | 4 5 |  5.6
Shields        | 4 5 6 |  6.0
Maces & Flails | 3 4 5 6 |  6.2
Dodging        | 1 |  1.3
Stealth        | |  0.9

Action                   |  1- 3 |  4- 6 |  7- 9 || total
-------------------------+-------+-------+-------++-------
Melee: Flail             |    90 |   159 |    36 ||   285
       Headbutt          |    16 |    28 |     7 ||    51
  Use: Scroll            |       |     6 |       ||     6
       Potion            |       |     1 |       ||     1
  Eat: Chunk             |     1 |     2 |       ||     3
       Ration            |       |     3 |       ||     3
Armor: Chain mail        |    39 |    68 |    33 ||   140
       Ring mail         |       |     7 |       ||     7
Dodge: Dodged            |    18 |    39 |    14 ||    71
Block: Kite shield       |    42 |    88 |    41 ||   171
